 Dungeon Crawl Stone Soup version 0.27-a0-40-g5f2be0e231 (webtiles) character file.

Game seed: 2492551978192578047

126427 kae the Severer (level 16, -3/149 HPs)
             Began as a Hill Orc Fighter on Jan 5, 2021.
             Was the Champion of Beogh.
             Slain by a tentacle (4 damage)
             ... attached to a kraken simulacrum
             ... on level 4 of the Shoals.
             The game lasted 00:23:01 (35744 turns).

kae the Severer (Hill Orc Fighter)                 Turns: 35744, Time: 00:23:01

Health: -3/149     AC: 39    Str: 32    XL:     16   Next: 98%
Magic:  0/25       EV: 11    Int: 11    God:    Beogh [******]
Gold:   3195       SH:  0    Dex: 10    Spells: 15/15 levels left

rFire    . . .     SeeInvis .   P - +7 battleaxe (venom)
rCold    . . .     Faith    .   (shield currently unavailable)
rNeg     . . .     Spirit   +   Z - +8 orange crystal plate armour {Archmagi, Int+3 Clar}
rPois    +         Reflect  .   p - +1 helmet
rElec    .         Harm     .   m - +1 cloak
rCorr    .         Rampage  .   J - +1 pair of gloves
Will     +....     Clarity  +   (no boots)
Stlth    ..........             W - amulet of guardian spirit
HPRegen  0.34/turn              X - ring of poison resistance
MPRegen  0.19/turn              y - +6 ring of strength

@: lethally poisoned (-3 -> -3)
A: walk on water, blurry vision 1
a: Renounce Religion, Smiting, Recall Orcish Followers, Give Item to Named
Follower, Resurrection


You were on level 4 of the Shoals.
You worshipped Beogh.
Beogh was exalted by your worship.
You visited 4 branches of the dungeon, and saw 27 of its levels.

You collected 3772 gold pieces.
You spent 577 gold pieces at shops.

Inventory:

Hand Weapons
 H - a +6 hand axe of electrocution
 P - a +7 battleaxe of venom (weapon)
Armour
 m - a +1 cloak (worn)
 p - a +1 helmet (worn)
 J - a +1 pair of gloves (worn)
 K - the +6 chain mail of Osewis {Int+8}
   (You bought it in a shop on level 7 of the Dungeon)

   It affects your intelligence (+8).
 Z - the +8 orange crystal plate armour (worn) {Archmagi, Int+3 Clar}
   (You found it on level 5 of the Lair of Beasts)

   It affects your intelligence (+3).
   It protects you against confusion.
Jewellery
 a - an uncursed ring of protection from cold
 b - an uncursed ring of willpower
 l - an uncursed ring of protection from fire
 t - an uncursed ring of see invisible
 w - an uncursed amulet of magic regeneration
 y - a +6 ring of strength (right hand)
 B - an uncursed ring of stealth
 D - an uncursed amulet of reflection
 E - a +6 ring of dexterity
 M - a +4 ring of evasion
 N - an uncursed amulet of regeneration
 R - an uncursed ring of resist corrosion
 S - an uncursed ring of protection from fire
 W - an amulet of guardian spirit (around neck)
 X - a ring of poison resistance (left hand)
Wands
 z - a wand of flame (45)
 A - a wand of polymorph (23)
 I - a wand of acid (8)
 L - a wand of enslavement (17)
 O - a wand of digging (8)
 U - a wand of iceblast (23)
 V - a wand of paralysis (27)
Scrolls
 c - a scroll of amnesia
 e - 16 scrolls of remove curse
 f - 4 scrolls of fear
 h - 2 scrolls of identify
 i - 3 scrolls of fog
 s - 12 scrolls of teleportation
 u - 5 scrolls of immolation
 v - 3 scrolls of blinking
 Q - a scroll of magic mapping
Potions
 d - 3 potions of might
 g - 6 potions of curing
 j - 2 potions of cancellation
 k - 3 potions of ambrosia
 n - 2 potions of magic
 o - 2 potions of resistance
 q - 3 potions of berserk rage
 r - 5 potions of lignification
 x - 7 potions of brilliance
 C - 3 potions of heal wounds
 F - 2 potions of invisibility
 G - 7 potions of flight
 T - 3 potions of mutation
 Y - a potion of haste


   Skills:
 - Level 15.0 Fighting
 - Level 20.5 Axes
 + Level 14.6 Armour
 + Level 11.4 Dodging
 - Level 3.2 Shields
 - Level 13.0 Invocations


You had 15 spell levels left.
You didn't know any spells.
Your spell library contained the following spells:

 Spells                   Type           Power        Failure   Level
 Animate Skeleton         Necr           0%           99%         1
 Apportation              Tloc           0%           99%         1
 Beastly Appendage        Tmut           0%           99%         1
 Corona                   Hex            0%           99%         1
 Foxfire                  Conj/Fire      0%           99%         1
 Magic Dart               Conj           0%           99%         1
 Pain                     Necr           0%           99%         1
 Sandblast                Erth           0%           99%         1
 Summon Small Mammal      Summ           0%           99%         1
 Call Imp                 Summ           0%           100%        2
 Passwall                 Tmut/Erth      0%           100%        2
 Poisonous Vapours        Pois/Air       0%           100%        2
 Searing Ray              Conj           0%           100%        2
 Wereblood                Tmut           0%           100%        2
 Call Canine Familiar     Summ           0%           100%        3
 Confusing Touch          Hex            0%           100%        3
 Conjure Flame            Conj/Fire      0%           100%        3
 Dazzling Flash           Conj/Hex       0%           100%        3
 Gell's Gravitas          Tloc           0%           100%        3
 Inner Flame              Hex/Fire       0%           100%        3
 Lesser Beckoning         Tloc           0%           100%        3
 Spider Form              Tmut/Pois      0%           100%        3
 Static Discharge         Conj/Air       0%           100%        3
 Stone Arrow              Conj/Erth      0%           100%        3
 Summon Guardian Golem    Hex/Summ       0%           100%        3
 Vampiric Draining        Necr           0%           100%        3
 Animate Dead             Necr           0%           100%        4
 Fulminant Prism          Conj/Hex       0%           100%        4
 Ice Form                 Ice/Tmut       0%           100%        4
 Iskenderun's Mystic Bla  Conj/Tloc      0%           100%        4
 Petrify                  Tmut/Erth      0%           100%        4
 Sticky Flame             Conj/Fire      0%           100%        4
 Summon Ice Beast         Ice/Summ       0%           100%        4
 Summon Lightning Spire   Summ/Air       0%           100%        4
 Agony                    Necr           0%           100%        5
 Blade Hands              Tmut           0%           100%        5
 Bolt of Magma            Conj/Fire/Erth 0%           100%        5
 Fireball                 Conj/Fire      0%           100%        5
 Iskenderun's Battlesphe  Conj           0%           100%        5
 Lee's Rapid Deconstruct  Erth           0%           100%        5
 Metabolic Englaciation   Hex/Ice        0%           100%        5
 Silence                  Hex/Air        0%           100%        5
 Yara's Violent Unravell  Hex/Tmut       0%           100%        5
 Iron Shot                Conj/Erth      0%           100%        6
 Orb of Destruction       Conj           0%           100%        7
 Spellforged Servitor     Conj/Summ      0%           100%        7


Dungeon Overview and Level Annotations

Branches:
Dungeon (15/15)            Temple (0/1) D:4            Lair (6/6) D:11
 Shoals (4/4) Lair:4       Spider (0/4) Lair:3        Slime (0/5) Lair:5
    Orc (2/2) D:11            Elf (0/3) Orc:2        Vaults (0/5) D:14
 Depths (0/5) D:15

Altars:
Ashenzari
Cheibriados
Dithmenos
Fedhas
Hepliaklqana
Makhleb
Nemelex Xobeh
Qazlal
Ru
Sif Muna
Trog
Xom
Beogh

Shops:
D:7 [   D:12 (   D:13 :   Orc:2 ([*=   Shoals:1 *

Annotations:
D:11 1 runed translucent door, whitenoisemaker's ghost, journeyman DrBe
Lair:1 1 runed translucent door, funkygono's ghost, journeyman DrAE


Innate Abilities, Weirdness & Mutations

You can walk on water.
Scrolls take you a little longer to read.


Message History

Your sixfirhy disappears in a puff of smoke!
Your smoke demon disappears in a puff of smoke!
Your sun demon disappears in a puff of smoke!
You hit the tentacle.
The tentacle is severely damaged.
You feel sick.
The tentacle slaps you but does no damage.
The merfolk closely misses Brandogh.
Brandogh hits the merfolk from afar with a +0 glaive!!
The merfolk dies!
Beogh accepts your kill.
You hear a splash. x2
You slash the tentacle!
The tentacle is almost destroyed.
You hit the tentacle. The tentacle slaps you!
* * * LOW HITPOINT WARNING * * *
The tentacle freezes you!!
* * * LOW HITPOINT WARNING * * *
The tentacle slaps you.
You die...

,,,,..................≈≈≈≈≈≈≈≈#
,,,,,.......(.........≈≈≈≈≈≈≈≈#
,,,,,..............≈...≈≈≈≈≈≈≈#
*,,,,.......(..§.≈≈≈....≈≈≈≈≈≈#
*,,,,............≈(≈....≈≈≈≈≈≈#
**,,,......#(.§#######...≈≈≈≈≈#
,**,,......#.)§### **#..≈≈≈≈≈≈#
**,,,.......)##(§###.##≈≈≈≈≈≈≈#
≈**,,........##o@w≈─..##(≈≈≈≈≈#
≈**,,....≈≈≈..#)w#Λ#*w##≈≈≈≈≈≈#
≈*,,,...≈≈≈≈.###≈V,*Z≈##≈≈≈≈≈≈#
***,,...≈≈≈≈.###.#.*w##≈.≈≈≈≈≈#
*,,,,....≈≈≈.)#...≈.,.##(≈≈≈≈≈#
,,,,,.(..≈≈≈..##(#*#.##≈.≈≈≈≈≈#
,,,,,...≈≈≈≈≈..#######..≈≈≈≈≈≈#
,,,,,...≈≈≈≈≈≈.#≈##≈##.≈≈≈≈≈≈≈#
≈,,,,...≈≈≈≈≈≈≈.......≈≈≈≈≈≈≈≈#


You could see 4 tentacles, a kraken simulacrum and the friendly Brandogh the orc
warlord.

Vanquished Creatures
  A fire giant (D:15)
  An ironheart preserver (D:14)
  A dire elephant (Lair:6)
  Snorg (Lair:3)
  Azrael (D:15)
  2 merfolk javelineers (Shoals:4)
  5 merfolk impalers
  9 hydras
  Harold (D:9)
  A merfolk avatar (Shoals:3)
  4 boulder beetles
  A catoblepas (Lair:6)
  4 centaur warriors
  2 two-headed ogres
  A deep troll shaman (Lair:6)
  3 merfolk aquamancers
  A tengu warrior (D:13)
  Urug (Orc:1)
  2 orc high priests (Orc:2)
  9 death yaks
  5 sea snakes
  2 unseen horrors
  A wizard (D:15)
  11 harpies
  2 orc knights
  3 orc sorcerers (Orc:2)
  2 deep elf magi
  13 ugly things
  3 cyclopes
  12 manticores
  2 merfolk sirens
  Joseph (D:7)
  4 elephants (Lair:6)
  3 water nymphs
  2 centaur skeletons
  A black mamba (Lair:6)
  Psyche (D:9)
  14 cane toads
  4 rime drakes
  A rime drake (shapeshifter) (D:15)
  10 komodo dragons
  An efreet (D:14)
  13 merfolk
  2 polar bears
  5 jumping spiders (Lair:3)
  7 trolls
  2 wind drakes
  4 snapping turtles
  23 dream sheep
  8 blink frogs
  Prince Ribbit (D:6)
  A slime creature (D:12)
  8 water elementals
  2 redbacks (Lair:3)
  A vampire (D:11)
  2 wraiths
  4 fire bats
  37 yaks
  5 hogs (D:13)
  10 wyverns
  3 steam dragons
  2 basilisks
  2 fire elementals (D:15)
  Eustachio (D:6)
  Menkaure (D:6)
  2 soldier ants
  2 wargs
  15 water moccasins
  2 acid dragons
  3 hell hounds
  4 sky beasts
  2 eyes of draining
  A hornet zombie (D:11)
  18 orc warriors
  A necrophage (D:11)
  3 ice beasts
  2 phantoms
  5 black bears
  13 ogres
  16 wolves
  12 centaurs
  Blork the orc (D:4)
  27 bullfrogs
  A big kobold (D:11)
  7 scorpions
  A wyvern skeleton (D:10)
  18 killer bees
  9 wights
  5 electric eels
  4 howler monkeys
  2 lava snakes (D:14)
  4 crimson imps (D:4)
  8 hounds
  4 jellies
  6 orc priests
  10 orc wizards
  3 bullfrog skeletons
  5 iguanas
  Terence (D:3)
  5 worker ants
  A worker ant zombie (D:6)
  3 gnolls (D:4)
  14 adders
  A shadow imp (D:8)
  2 white imps
  3 ufetubi
  2 oozes
  2 worms (D:2)
  A dart slug (D:6)
  8 leopard geckos
  34 orcs
  2 ball pythons
  4 giant cockroaches
  6 goblins
  10 hobgoblins
  3 jackals (D:4)
  4 quokkas
  6 bats
  6 frilled lizards
  7 kobolds
  A quokka skeleton (D:4)
  8 rats
  2 fire vortices (D:14)
  A plant (Shoals:2)
646 creatures vanquished.

Vanquished Creatures (collateral kills)
  Rupert (D:15)
  Ilsuiw (Shoals:4)
  Kirke (D:13)
  An orc warlord (Orc:1)
  2 merfolk impalers
  5 merfolk javelineers
  2 hydras
  A centaur warrior (D:14)
  3 merfolk avatars
  2 merfolk aquamancers (Shoals:4)
  2 orc high priests (Orc:2)
  2 sea snakes (Shoals:4)
  An unseen horror (D:14)
  2 orc knights (Orc:2)
  6 harpies
  3 orc sorcerers
  2 cyclopes
  7 manticores
  2 merfolk sirens (Shoals:4)
  3 water nymphs
  13 merfolk
  A snapping turtle (Shoals:4)
  4 water elementals
  2 wargs (Orc:1)
  An acid dragon (D:13)
  A phantom (D:13)
  9 orc warriors
  An ogre (Orc:2)
  2 wolves (Lair:6)
  A centaur (Shoals:4)
  5 orc priests
  4 orc wizards (Orc:2)
  A worker ant (D:13)
  10 orcs
104 creatures vanquished.

Vanquished Creatures (others)
  2 orc sorcerers
  A merfolk impaler (Shoals:4)
  An orc high priest (Orc:2)
  4 orc knights
  22 orc warriors
  48 orcs
  17 orc wizards
  10 orc priests
  A fire vortex (D:14)
  17 fungi
  112 plants
235 creatures vanquished.

Grand Total: 985 creatures vanquished

Notes
Turn   | Place    | Note
-------+----------+-------------------------------------------
     0 | D:1      | kae the Hill Orc Fighter began the quest for the Orb.
     0 | D:1      | Reached XP level 1. HP: 19/19 MP: 1/1
    37 | D:1      | Reached skill level 3 in Axes
   246 | D:1      | Reached XP level 2. HP: 27/27 MP: 2/2
   528 | D:1      | Reached skill level 4 in Axes
   618 | D:1      | Reached XP level 3. HP: 33/33 MP: 3/3
  1280 | D:2      | Reached XP level 4. HP: 26/41 MP: 4/4
  1283 | D:2      | Reached skill level 5 in Axes
  1777 | D:2      | Found a broken altar of Ashenzari.
  1820 | D:2      | Found a shimmering blue altar of Sif Muna.
  2091 | D:3      | Noticed Terence
  2091 | D:3      | Noticed a bullfrog
  2117 | D:3      | Killed Terence
  2118 | D:3      | Reached skill level 5 in Fighting
  2118 | D:3      | Reached XP level 5. HP: 30/48 MP: 5/5
  2126 | D:3      | Reached skill level 6 in Axes
  2462 | D:3      | Reached XP level 6. HP: 56/56 MP: 6/6
  2833 | D:4      | Found a shimmering altar of Xom.
  2840 | D:4      | Reached skill level 7 in Axes
  2912 | D:4      | Found a snail-covered altar of Cheibriados.
  2962 | D:4      | Noticed Blork the orc
  2972 | D:4      | Killed Blork the orc
  3138 | D:4      | Found a shadowy altar of Dithmenos.
  3166 | D:4      | Reached skill level 8 in Axes
  3166 | D:4      | Reached XP level 7. HP: 41/63 MP: 7/7
  3471 | D:4      | Found a staircase to the Ecumenical Temple.
  3508 | D:4      | Paralysed by a crimson imp for 5 turns
  3520 | D:4      | HP: 2/64 [poisoned by a worker ant]
  4124 | D:4      | Reached skill level 9 in Axes
  4497 | D:5      | Entered Level 5 of the Dungeon
  4510 | D:5      | Found a stormy altar of Qazlal.
  4519 | D:5      | Found a blossoming altar of Fedhas.
  4540 | D:5      | Reached XP level 8. HP: 32/73 MP: 8/8
  4752 | D:5      | Reached skill level 10 in Axes
  5229 | D:5      | Found a sacrificial altar of Ru.
  5465 | D:6      | Reached skill level 11 in Axes
  5466 | D:6      | Found a snail-covered altar of Cheibriados.
  5684 | D:6      | Noticed Eustachio
  5717 | D:6      | Killed Eustachio
  5824 | D:6      | Noticed Prince Ribbit
  5832 | D:6      | Killed Prince Ribbit
  5833 | D:6      | Reached XP level 9. HP: 72/82 MP: 9/9
  5879 | D:6      | Noticed Menkaure
  5892 | D:6      | Killed Menkaure
  5893 | D:6      | Reached skill level 12 in Axes
  6697 | D:7      | Found Tian's Antique Armour Emporium.
  6704 | D:7      | Bought a spiked chain mail for 209 gold pieces
  6714 | D:7      | Identified the +6 chain mail of Osewis {Int+8} (You bought
                  | it in a shop on level 7 of the Dungeon)
  6937 | D:7      | Became a worshipper of Beogh the Brigand
  7159 | D:7      | Noticed Joseph
  7173 | D:7      | Killed Joseph
  7174 | D:7      | Reached skill level 13 in Axes
  7174 | D:7      | Reached skill level 1 in Invocations
  7930 | D:8      | Reached * piety under Beogh
  8091 | D:8      | Reached XP level 10. HP: 92/93 MP: 12/12
  8166 | D:8      | Reached skill level 10 in Fighting
  8181 | D:8      | Reached skill level 14 in Axes
  8392 | D:9      | Found a hazy altar of Hepliaklqana.
  8452 | D:9      | Noticed Harold
  8471 | D:9      | Killed Harold
  8472 | D:9      | Reached skill level 5 in Invocations
  9286 | D:9      | Noticed Psyche
  9295 | D:9      | Killed Psyche
  9449 | D:10     | Entered Level 10 of the Dungeon
  9543 | D:10     | Identified the Guide on Warped Flight
  9825 | D:10     | Reached skill level 15 in Axes
 10725 | D:11     | Reached ** piety under Beogh
 10737 | D:11     | Reached XP level 11. HP: 81/102 MP: 16/16
 10931 | D:11     | Found a sacrificial altar of Ru.
 10963 | D:11     | Found a runed translucent door.
 10963 | D:11     | Noticed whitenoisemaker's ghost (journeyman DrBe)
 10989 | D:11     | Noticed a seven-headed hydra
 10997 | D:11     | HP: 5/102 [12-headed hydra (9)]
 11003 | D:11     | Killed a 12-headed hydra
 11462 | D:11     | Reached skill level 16 in Axes
 11688 | D:11     | Found a staircase to the Lair.
 11945 | D:11     | Found a staircase to the Orcish Mines.
 12286 | D:12     | Noticed a cyclops
 12295 | D:12     | Killed a cyclops
 12483 | D:12     | Noticed a white ugly thing
 12500 | D:12     | Killed a white ugly thing
 12717 | D:12     | Noticed a boulder beetle
 12728 | D:12     | Killed a boulder beetle
 12869 | D:12     | Noticed a boulder beetle
 13299 | D:12     | Killed a boulder beetle
 13300 | D:12     | Reached skill level 17 in Axes
 13658 | D:12     | Noticed a purple ugly thing
 13667 | D:12     | Killed a purple ugly thing
 13777 | D:12     | Reached *** piety under Beogh
 13780 | D:12     | Reached XP level 12. HP: 112/112 MP: 19/19
 13886 | D:12     | Found a sparkling altar of Nemelex Xobeh.
 14037 | D:12     | Found Wore's Weapon Boutique.
 14245 | D:13     | Reached skill level 10 in Invocations
 14450 | D:13     | Found a shadowy altar of Dithmenos.
 14459 | D:13     | Noticed Kirke
 14478 | D:13     | Killed Kirke
 14479 | D:13     | Reached skill level 18 in Axes
 14746 | D:13     | Noticed a two-headed ogre
 14753 | D:13     | Killed a two-headed ogre
 15157 | D:13     | Found Yduoxity's Book Shop.
 15159 | D:13     | Noticed a tengu warrior
 15173 | D:13     | Killed a tengu warrior
 15518 | D:13     | Noticed an eight-headed hydra
 15524 | D:13     | Killed an eight-headed hydra
 15681 | D:14     | Noticed a boulder beetle
 15692 | D:14     | Killed a boulder beetle
 15889 | D:14     | Noticed a centaur warrior
 15901 | D:14     | Killed a centaur warrior
 15902 | D:14     | Reached skill level 19 in Axes
 15995 | D:14     | Reached XP level 13. HP: 114/122 MP: 18/21
 16098 | D:14     | Noticed an ironheart preserver
 16110 | D:14     | Killed an ironheart preserver
 16666 | D:14     | Found a gate to the Vaults.
 17639 | Lair:1   | Entered Level 1 of the Lair of Beasts
 17743 | Lair:1   | Reached skill level 20 in Axes
 18584 | Lair:1   | Found a runed translucent door.
 18585 | Lair:1   | Noticed funkygono's ghost (journeyman DrAE)
 19455 | Lair:2   | Reached **** piety under Beogh
 20152 | Lair:3   | Reached XP level 14. HP: 106/133 MP: 19/23
 20152 | Lair:3   | Noticed Snorg
 20159 | Lair:3   | Reached skill level 15 in Fighting
 20160 | Lair:3   | Reached skill level 1 in Dodging
 20397 | Lair:3   | Killed Snorg
 20745 | Lair:3   | Reached skill level 5 in Armour
 20987 | Lair:3   | Found a hole to the Spider Nest.
 22045 | Lair:4   | Reached ***** piety under Beogh
 22487 | Lair:4   | Found a staircase to the Shoals.
 23115 | Lair:5   | Found the +8 orange crystal plate armour {Archmagi, Int+3
                  | Clar}
 23322 | Lair:5   | Reached skill level 5 in Dodging
 23444 | Lair:5   | Found a staircase to the Slime Pits.
 23707 | Lair:6   | Entered Level 6 of the Lair of Beasts
 24256 | Lair:6   | Reached ****** piety under Beogh
 24435 | Lair:6   | Reached XP level 15. HP: 108/141 MP: 19/24
 25011 | Lair:6   | Gained Boghold as an ally
 25017 | Lair:6   | Reached skill level 10 in Armour
 25746 | Orc:1    | Entered Level 1 of the Orcish Mines
 25746 | Orc:1    | Noticed an orc warlord
 25776 | Orc:1    | Killed an orc warlord
 26066 | Orc:1    | Found a burning altar of Makhleb.
 26148 | Orc:1    | Found a roughly hewn altar of Beogh.
 26204 | Orc:1    | Noticed Urug
 26221 | Orc:1    | Killed Urug
 26563 | Orc:2    | Entered Level 2 of the Orcish Mines
 26563 | Orc:2    | Found a staircase to the Elven Halls.
 26602 | Orc:2    | Gained mutation: Scrolls take you a little longer to read.
                  | [a neqoxec]
 26703 | Orc:2    | Gained Margrim as an ally
 26709 | Orc:2    | Noticed an orc warlord
 26715 | Orc:2    | Your ally Boghold died
 26719 | Orc:2    | Your ally Margrim died
 27214 | Orc:2    | Paralysed by an orc sorcerer for 3 turns
 27217 | Orc:2    | Gained Brandogh as an ally
 27445 | Orc:2    | Gained Syrus as an ally
 27713 | Orc:2    | Found Fuavyxkepn's Antique Armour Shoppe.
 27714 | Orc:2    | Found Nemeikul's Antique Weapon Shoppe.
 27715 | Orc:2    | Found Jucilis's General Store.
 27715 | Orc:2    | Found Luug's Jewellery Emporium.
 27720 | Orc:2    | Bought an uncursed ring of poison resistance for 320 gold
                  | pieces
 27836 | Orc:2    | Found a bloodstained altar of Trog.
 27938 | Orc:2    | Found a roughly hewn altar of Beogh.
 28242 | D:15     | Entered Level 15 of the Dungeon
 28242 | D:15     | Noticed Azrael
 28257 | D:15     | Killed Azrael
 29068 | D:15     | Found a staircase to the Depths.
 29068 | D:15     | Noticed a fire giant
 29086 | D:15     | Killed a fire giant
 29467 | D:15     | Noticed Rupert
 29475 | D:15     | Paralysed by Rupert for 4 turns
 29481 | D:15     | Killed Rupert
 30265 | Shoals:1 | Entered Level 1 of the Shoals
 30358 | Shoals:1 | Gained Gorg as an ally
 30538 | Shoals:1 | Reached XP level 16. HP: 149/149 MP: 25/25
 30593 | Shoals:1 | Found Nobod's General Store.
 30637 | Shoals:1 | Bought a potion of curing for 48 gold pieces
 32081 | Shoals:2 | Reached skill level 10 in Dodging
 33766 | Shoals:4 | Entered Level 4 of the Shoals
 33781 | Shoals:4 | Noticed Ilsuiw
 33795 | Shoals:4 | HP: 5/149 [something (10)]
 33798 | Shoals:3 | HP: 2/149 [poisoned by a merfolk impaler]
 34192 | Shoals:4 | Your ally Syrus died
 34598 | Shoals:4 | Your ally Gorg died
 34616 | Shoals:4 | Gained Gorg as an ally
 34616 | Shoals:4 | Gained Olfrun as an ally
 34623 | Shoals:4 | Killed Ilsuiw
 35107 | Shoals:4 | Identified the +10 long sword "Ulaokh" {vorpal, rElec
                  | Dex+4}
 35300 | Shoals:4 | Your ally Gorg died
 35742 | Shoals:4 | Your ally Olfrun died
 35744 | Shoals:4 | HP: 1/149 [tentacle[a kraken simulacrum] (26)]
 35744 | Shoals:4 | Slain by a tentacle

Illustrated notes

Levels and vault maps discovered:
D:1:      lemuel_arrival_behind_the_door_large, layout_loops_ring,
          minmay_tromino_v4_b
D:2:      layout_loops_cross, lemuel_blue_sif_altar, lemuel_round_altar,
          minmay_vboxes
D:3:      layout_basic, amcnicky_mini_pool_small, minmay_tree_intersection,
          uniq_terence
D:4:      layout_loops_ring, general_overflow_altar, lemuel_doored_altar,
          minmay_temple_entry_waves, led_xom_imps, uniq_blork_the_orc
D:5:      layout_rooms, grunt_temple_overflow_forces_of_nature,
          lemuel_crystal_altar
D:6:      layout_loops_ring, minmay_misc_feat_room, kennysheep_slug_shrine,
          uniq_prince_ribbit1, uniq_menkaure, uniq_eustachio
D:7:      layout_gridville, serial_shops, nicolae_shop_crystal,
          uniq_crazy_yiuf_cottage, uniq_joseph
D:8:      layout_loops_ring
D:9:      layout_irregular_city, nzn_hepliaklqana_mist_gate,
          chequers_decorated_corner, kennysheep_nondescript, uniq_psyche,
          uniq_harold
D:10:     layout_long_grid, minmay_misc_feat_ornament
D:11:     layout_basic, erik_lair_dragon, orc_0_dummy, gammafunk_ghost_grave,
          nicolae_ru_path_of_blood
D:12:     layout_roguey, serial_rivers, chequers_serial_rivers_room_b,
          chequers_serial_rivers_room_a, chequers_serial_rivers_micro_c,
          chequers_serial_rivers_micro_b, serial_shops, kennysheep_little_box,
          st_stairs_4, nemelex_xobeh_ov_fountains_minmay
D:13:     layout_rooms, serial_shops, nicolae_shop_crystal,
          amcnicky_mini_corridor_feature, nicolae_dithmenos_shadow_blocks,
          uniq_kirke
D:14:     layout_cave_pools, skrybe_vaults_entry_preservation,
          hangedman_incinerator
D:15:     grunt_enter_depths_giant_problem, layout_basic, serial_curves,
          eino_curves_02, eino_curves_03, eino_curves_01, uniq_rupert,
          uniq_azrael
Lair:1:   layout_chaotic_city, gammafunk_ghost_grave
Lair:2:   layout_hall_layers, serial_bayou_shore_b
Lair:3:   layout_cave_pods, nicolae_spider_entry_tight_spaces,
          grunt_forest_small_clearing_treed, serial_bayou_shore_b,
          grunt_megastairs_1, infiniplex_staircase_pool, uniq_snorg
Lair:4:   layout_cave_pods, minmay_shoals_entry_lonely_mermaid
Lair:5:   layout_long_grid, slime_dummy, nicolae_quartered_pool_super
Lair:6:   grunt_lair_end_beastmaster, layout_regular_city, serial_bayou_shore_b,
          serial_bayou_shore_b
Shoals:1: layout_shoals, serial_shops, nicolae_shop_crystal
Shoals:2: layout_shoals, nicolae_shoals_circle_sea_wall,
          nicolae_shoals_arrival_archipelago
Shoals:3: layout_shoals
Shoals:4: shoals_end_grunt_ice, layout_shoals, shoal_ilsuiw
Orc:1:    layout_caves, basic_altar, mines1_david, uniq_urug
Orc:2:    st_orc_congregation, layout_caves, basic_altar, trog_book

Skill      XL: |  1  2  3  4  5  6  7  8  9 10 11 12 13 14 15 16 |
---------------+-------------------------------------------------+-----
Axes           | 3 4 5 6 8 9 11 13 15 17 19 20 | 20.5
Fighting       | 4 5 6 7 8 9 11 12 13 14 15 | 15.0
Invocations    | 3 7 9 11 13 | 13.0
Dodging        | 6 9 11 | 11.4
Armour         | 9 12 14 | 14.6
Shields        | |  3.2

Action                   |  1- 3 |  4- 6 |  7- 9 | 10-12 | 13-15 | 16-18 || total
-------------------------+-------+-------+-------+-------+-------+-------++-------
Melee: War axe           |   106 |   169 |   324 |    29 |       |       ||   628
       Unarmed           |       |       |    24 |       |       |       ||    24
       Battleaxe         |       |       |       |   390 |   792 |   291 ||  1473
       Hand axe          |       |       |       |    37 |       |       ||    37
Invok: Convert to Beogh  |       |       |     1 |       |       |       ||     1
       Smiting           |       |       |       |     4 |     5 |       ||     9
       Recall Orcish Fol |       |       |       |       |     1 |     2 ||     3
Evoke: Wand              |       |       |       |     5 |     4 |       ||     9
  Use: Potion            |       |       |     3 |       |       |     3 ||     6
       Scroll            |       |       |    20 |    11 |    11 |     4 ||    46
 Stab: Invisible         |       |       |     2 |       |       |       ||     2
       Distracted        |       |       |       |     1 |     5 |     2 ||     8
       Paralysed         |       |       |       |     1 |       |     4 ||     5
       Petrified         |       |       |       |       |     2 |       ||     2
Armor: Scale mail        |    49 |    65 |    83 |       |       |       ||   197
       Chain mail        |       |       |    39 |   248 |   243 |       ||   530
       Crystal plate arm |       |       |       |       |   296 |   372 ||   668
Dodge: Dodged            |    30 |    52 |    91 |   211 |   450 |   247 ||  1081
Block: Kite shield       |    50 |    75 |   168 |    26 |       |       ||   319
       Reflection        |       |       |     3 |     3 |       |       ||     6
       Other             |       |       |       |    64 |       |       ||    64

Table legend: (Time is in decaauts)
 A = Elapsed time spent in this place.
 B = Non-inter-level travel time spent in this place.
 C = Inter-level travel time spent in this place.
 D = Time resting spent in this place.
 E = Time spent auto-exploring this place.
 F = Levels seen in this place.
 G = Mean time per level.
                   A        B        C        D        E       F      G
               +--------+--------+--------+--------+--------+-----+--------+
         Total |  35467 |  33872 |   1595 |   6252 |  23459 |  27 | 1313.6 |
       Dungeon |  19771 |  18797 |    974 |   3232 |  13060 |  15 | 1318.1 |
          Lair |   7935 |   7431 |    504 |    597 |   6107 |   6 | 1322.5 |
        Shoals |   5389 |   5321 |     68 |   1704 |   2998 |   4 | 1347.2 |
  Orcish Mines |   2372 |   2324 |     48 |    719 |   1293 |   2 | 1186.0 |
               +--------+--------+--------+--------+--------+-----+--------+

Top non-repeatable levels by time:
    D:11: 2316 daAuts
    D:12: 2155 daAuts
Shoals:3: 2142 daAuts
  Lair:6: 1740 daAuts
    D:13: 1706 daAuts
     D:4: 1700 daAuts
  Lair:3: 1693 daAuts
    D:15: 1621 daAuts
Shoals:2: 1569 daAuts
    D:14: 1524 daAuts
   Orc:1: 1467 daAuts
  Lair:2: 1457 daAuts
     D:6: 1244 daAuts
  Lair:1: 1182 daAuts
  Lair:4: 1152 daAuts
